 Dungeon Crawl Stone Soup version 0.26-a0-36-g11e0b32562 (webtiles) character file.

Game seed: 18382103038327945823, levelgen mode: deterministic

11554 ICC the Carver (level 11, -7/78 HPs)
             Began as a Vine Stalker Fighter on May 30, 2020.
             Was an Elder of Wu Jian.
             Mangled by Snorg (12 damage)
             ... on level 10 of the Dungeon.
             The game lasted 00:39:33 (7356 turns).

ICC the Carver (Vine Stalker Fighter)               Turns: 7356, Time: 00:39:33

Health: -7/78      AC: 12    Str: 22    XL:     11   Next: 79%
Magic:  0/24       EV: 15    Int:  8    God:    Wu Jian [****..]
Gold:   344        SH:  0    Dex: 14    Spells: 26/26 levels left

rFire    . . .     SeeInvis .   w - +2 long sword
rCold    + + +     Gourm    .   (no shield)
rNeg     + . .     Faith    .   B - +3 ring mail of Tomorrow {rC++ Stlth-}
rPois    .         Spirit   +   H - +2 hat of the Slightly Bent {Harm}
rElec    .         Reflect  .   (no cloak)
rCorr    .         Harm     +   (no gloves)
MR       +....                  x - +0 pair of boots
Stlth    ..........             (no amulet)
HPRegen  0.63/turn              v - ring of positive energy
MPRegen  0.19/turn              (no ring)

@: berserking, very quick
A: fangs 3, cold resistance 1, frail 1, regeneration 1, magic shield, antimagic
bite, no potion heal 3, rot immunity, sturdy frame 1
a: Wall Jump, Serpent's Lash, Renounce Religion


You were on level 10 of the Dungeon.
You worshipped Wu Jian.
Wu Jian was greatly pleased with you.
You were not hungry.

You visited 2 branches of the dungeon, and saw 11 of its levels.

You collected 598 gold pieces.
You spent 254 gold pieces at shops.

Inventory:

Hand Weapons
 a - a +2 dagger of venom
 q - a +1 falchion of flaming
 s - a +1 dagger of speed
 w - a +2 long sword (weapon)
Armour
 c - a +0 kite shield
 m - a +0 tower shield
 x - a +0 pair of boots (worn)
 B - the +3 ring mail of Tomorrow (worn) {rC++ Stlth-}
   (You found it on level 5 of the Dungeon)

   It greatly protects you from cold.
   It makes you less stealthy.
 H - the +2 hat of the Slightly Bent (worn) {Harm}
   (You found it on level 9 of the Dungeon)

   It increases damage dealt and taken.
Jewellery
 v - a ring of positive energy (left hand)
Wands
 b - a wand of paralysis (1)
 u - a wand of flame (33)
 A - a wand of polymorph (6)
Scrolls
 d - 3 scrolls of enchant armour {unknown}
 g - 2 scrolls of teleportation
 i - 2 scrolls of enchant weapon {unknown}
 j - 3 scrolls of fear {unknown}
 l - 2 scrolls of magic mapping {unknown}
 n - 4 scrolls of blinking
 t - 2 scrolls of fog
 y - 7 scrolls of remove curse
 E - 3 scrolls of amnesia {unknown}
 F - a scroll of silence
 L - a scroll of torment
 M - 2 scrolls of immolation
Potions
 e - 2 potions of flight
 h - 4 potions of degeneration {unknown}
 o - 3 potions of stabbing {unknown}
 p - 2 potions of lignification {unknown}
 C - 4 potions of curing {unknown}
 G - 2 potions of brilliance
Comestibles
 f - 33 rations
 r - 8 chunks of flesh


   Skills:
 + Level 6.9 Fighting
 * Level 10.3 Long Blades
 + Level 6.3 Armour
 + Level 6.3 Dodging
 - Level 2.6 Shields
 - Level 8.0 Spellcasting


You had 26 spell levels left.
You didn't know any spells.
Your spell library contained the following spells:

 Spells                   Type           Power        Failure   Level  Hunger
 Animate Skeleton         Necr           N/A          24%         1    None
 Apportation              Tloc           #.....       24%         1    None
 Corona                   Hex            #......      24%         1    None
 Summon Small Mammal      Summ           #...         24%         1    None


Dungeon Overview and Level Annotations

Branches:
Dungeon (10/15)            Temple (1/1) D:5            Lair (0/6) D:9
    Orc: D:9-12

Altars:
Ashenzari
Cheibriados
Elyvilon
Fedhas
Gozag
Hepliaklqana
Makhleb
Nemelex Xobeh
Okawaru
Qazlal
Sif Muna
Trog
Uskayaw
Vehumet
Wu Jian
Xom
Yredelemnul
Zin
The Shining One

Shops:
D:4 (*   D:8 (   D:10 =

Portals:
Trove: D:10 (give horn of Geryon)

Annotations:
D:10 Snorg


Innate Abilities, Weirdness & Mutations

You have razor-sharp teeth.
Your natural rate of healing is unusually fast.
When hurt, damage is shared between your health and your magic reserves.
Your bite disrupts and absorbs the magic of your enemies.
Potions cannot restore your health.
You are immune to rotting.
Your flesh is cold resistant. (rC+)
You are frail. (-10% HP)
Your movements are slightly less encumbered by armour. (ER -2)


Message History

It was a potion of mutation.
You feel extremely strange.
You feel frail.
You feel less encumbered by your armour.
You feel resistant to cold. Snorg completely misses you.
You riposte.
You slash Snorg! You bite Snorg. You drain her power.
You feel invigorated.
Snorg is heavily wounded.
Snorg claws you. Snorg closely misses you. Snorg bites you.
Snorg completely misses you. Snorg misses you.
It was a potion of berserk rage.
A red film seems to cover your vision as you go berserk!
You feel yourself moving faster!
You feel mighty! Snorg closely misses you. Snorg claws you!!
* * * LOW HITPOINT WARNING * * *
Snorg claws you!!
* * * LOW HITPOINT WARNING * * *
You barely miss Snorg.
Snorg is heavily wounded.
Snorg closely misses you. Snorg claws you!
You die...

.............<..# #.....)..
................# #........
................# #...††...
................# #.....)..
................# #........
....)...........# #........
###.............#########........
#......>.......................
#.............@................
#...........>.T................
#..............................
#<|............................
#.........>..."................
#............∩.................
###.†......................###...
...........................# #...
...........................# #...


You could see Snorg (berserk, poisoned).

Vanquished Creatures
  A hydra (D:8)
  A two-headed ogre (D:9)
  Urug (D:10)
  Nergalle (D:10)
  2 dream sheep (D:8)
  4 hippogriffs
  Grinder (D:4)
  Sigmund (D:6)
  12 yaks
  2 wyverns
  The ghost of voshxx the Firebug, an amateur TeFE (D:4)
  A soldier ant (D:8)
  2 porcupines (D:9)
  A phantom (D:10)
  3 sky beasts
  2 ice beasts
  2 black bears (D:6)
  6 ogres
  4 orc warriors
  2 necrophages
  2 centaurs
  6 big kobolds
  Blork the orc (D:5)
  4 bullfrogs
  4 scorpions
  A water moccasin skeleton (D:8)
  A wyvern skeleton (D:7)
  6 killer bees (D:8)
  4 wights (D:9)
  4 crimson imps
  A jelly (D:6)
  A bullfrog zombie (D:9)
  2 centaur zombies
  A hound (D:5)
  A gnoll shaman (D:7)
  4 orc priests
  2 bullfrog skeletons
  Jessica (D:3)
  3 iguanas
  9 worker ants
  11 orc wizards
  A hound zombie (D:9)
  2 howler monkey zombies
  8 gnolls (D:7)
  17 adders
  5 shadow imps
  An ooze (D:1)
  An adder zombie (D:8)
  2 adder skeletons (D:6)
  3 worms
  A dart slug (D:2)
  2 leopard geckos
  44 orcs
  3 ball pythons
  9 bats
  7 giant cockroaches
  6 goblins
  11 hobgoblins
  12 jackals
  26 kobolds
  6 frilled lizards
  2 leopard gecko zombies
  A quokka zombie (D:7)
  10 rats
  3 butterflies (D:8)
302 creatures vanquished.

Vanquished Creatures (others)
  2 fungi (D:9)
2 creatures vanquished.

Grand Total: 304 creatures vanquished

Notes
Turn   | Place    | Note
-------+----------+-------------------------------------------
     0 | D:1      | ICC the Vine Stalker Fighter began the quest for the Orb.
     0 | D:1      | Reached XP level 1. HP: 11/11 MP: 2/2
    32 | D:1      | Reached skill level 2 in Long Blades
    32 | D:1      | Reached skill level 1 in Spellcasting
    32 | D:1      | Reached XP level 2. HP: 8/16 MP: 1/4
   192 | D:1      | Reached XP level 3. HP: 16/19 MP: 4/6
   981 | D:2      | Gained mutation: Your natural rate of healing is unusually
                  | fast. [Vine Stalker growth]
   981 | D:2      | Reached XP level 4. HP: 17/24 MP: 6/8
  1223 | D:2      | Reached XP level 5. HP: 23/28 MP: 9/11
  1260 | D:2      | Found a shattered altar of Ashenzari.
  1625 | D:3      | Reached skill level 3 in Long Blades
  1890 | D:3      | Noticed Jessica
  1900 | D:3      | Killed Jessica
  1985 | D:3      | Reached XP level 6. HP: 27/32 MP: 11/13
  2007 | D:3      | Reached skill level 1 in Dodging
  2199 | D:4      | Noticed Grinder
  2223 | D:4      | Paralysed by Grinder for 2 turns
  2226 | D:4      | Killed Grinder
  2226 | D:4      | Reached skill level 5 in Spellcasting
  2226 | D:4      | Reached XP level 7. HP: 15/36 MP: 4/15
  2243 | D:4      | Found Ytatel's Assorted Antiques.
  2250 | D:4      | Bought a fuming dark potion for 23 gold pieces
  2250 | D:4      | Bought a yellow potion for 23 gold pieces
  2250 | D:4      | Bought a scroll labeled UPHEXO PEKH for 26 gold pieces
  2250 | D:4      | Bought a scroll labeled QOPTEQ KUAMI for 26 gold pieces
  2250 | D:4      | Bought a scroll labeled QOPTEQ KUAMI for 26 gold pieces
  2250 | D:4      | Bought a scroll labeled PAGILIV ADGHEGO for 26 gold pieces
  2250 | D:4      | Bought a scroll labeled PAGILIV ADGHEGO for 26 gold pieces
  2250 | D:4      | Bought a scroll labeled PAGILIV ADGHEGO for 26 gold pieces
  2279 | D:4      | Found a transporter.
  2280 | D:4      | Noticed voshxx's ghost (amateur TeFE)
  2281 | D:4      | Found a transporter.
  2285 | D:4      | Identified the +5 great mace "Iruterow" {venom, rN+ Int+2}
  2599 | D:4      | Found Zaatrino's Antique Weapon Shop.
  2646 | D:4      | Reached skill level 4 in Long Blades
  2652 | D:4      | Killed voshxx's ghost
  2652 | D:4      | Gained mutation: You have razor-sharp teeth. [Vine Stalker
                  | growth]
  2652 | D:4      | Reached XP level 8. HP: 37/40 MP: 16/18
  2685 | D:4      | Bought a scroll labeled ZON NETIFUAS for 26 gold pieces
  2685 | D:4      | Bought a scroll labeled UPHEXO PEKH for 26 gold pieces
  2701 | D:5      | Entered Level 5 of the Dungeon
  2737 | D:5      | Found a staircase to the Ecumenical Temple.
  2746 | Temple   | Entered the Ecumenical Temple
  2761 | Temple   | Became a worshipper of the Wu Jian Council
  2955 | D:5      | Got a pitted whip
  2955 | D:5      | Identified the cursed +3 whip "Savuyr" {venom, rPois rF-
                  | MP+9} (You found it on level 5 of the Dungeon)
  3009 | D:5      | You fall into a shaft and drop 2 floors!
  3121 | D:7      | Reached skill level 5 in Long Blades
  3160 | D:6      | Found a radiant altar of Vehumet.
  3173 | D:6      | Reached * piety under Wu Jian
  3174 | D:6      | Found a bloodstained altar of Trog.
  3266 | D:5      | Noticed Blork the orc
  3274 | D:5      | Killed Blork the orc
  3274 | D:5      | Reached XP level 9. HP: 43/44 MP: 22/22
  3358 | D:5      | Got a masterwork ring mail
  3368 | D:5      | Identified the +3 ring mail of Tomorrow {rC++ Stlth-} (You
                  | found it on level 5 of the Dungeon)
  3821 | D:6      | Found a stormy altar of Qazlal.
  3924 | D:6      | Reached skill level 6 in Long Blades
  4052 | D:6      | Noticed Sigmund
  4062 | D:6      | Killed Sigmund
  4120 | D:6      | Found a white marble altar of Elyvilon.
  4121 | D:6      | Found a glowing silver altar of Zin.
  4121 | D:6      | Found a glowing golden altar of the Shining One.
  4149 | D:6      | Found a sparkling altar of Nemelex Xobeh.
  4668 | D:7      | Reached ** piety under Wu Jian
  4834 | D:7      | Reached skill level 7 in Long Blades
  5413 | D:8      | Reached XP level 10. HP: 51/51 MP: 23/23
  5419 | D:8      | Noticed a +0 hand axe
  5420 | D:8      | Found a hide-covered altar of Uskayaw.
  5420 | D:8      | Noticed a +0 hand axe
  5526 | D:8      | Found Yrixt's Antique Weapon Emporium.
  5859 | D:8      | Found a runed translucent door.
  5875 | D:8      | Found a runed translucent door.
  5905 | D:8      | Reached skill level 5 in Fighting
  5909 | D:8      | Reached skill level 8 in Long Blades
  6014 | D:8      | Reached *** piety under Wu Jian
  6077 | D:8      | Reached skill level 5 in Armour
  6077 | D:8      | Reached skill level 5 in Dodging
  6105 | D:8      | Noticed a three-headed hydra
  6114 | D:8      | Killed a one-headed hydra
  6192 | D:8      | Found a radiant altar of Vehumet.
  6272 | D:9      | Reached skill level 9 in Long Blades
  6278 | D:9      | Reached XP level 11. HP: 33/56 MP: 18/24
  6310 | D:9      | Got a slimy hat
  6315 | D:9      | Identified the +2 hat of the Slightly Bent {Harm} (You
                  | found it on level 9 of the Dungeon)
  6433 | D:9      | Found a burning altar of Makhleb.
  6433 | D:9      | Found a shimmering blue altar of Sif Muna.
  6434 | D:9      | Found a snail-covered altar of Cheibriados.
  6447 | D:9      | Reached **** piety under Wu Jian
  6611 | D:9      | Noticed a two-headed ogre
  6632 | D:9      | Killed a two-headed ogre
  6708 | D:9      | Found a basalt altar of Yredelemnul.
  6836 | D:9      | Found a staircase to the Lair.
  6895 | D:10     | Entered Level 10 of the Dungeon
  6918 | D:10     | Found Sapnis's Jewellery Shop.
  7095 | D:10     | Noticed Nergalle
  7110 | D:10     | Reached skill level 10 in Long Blades
  7120 | D:10     | Killed Nergalle
  7218 | D:10     | Noticed Urug
  7242 | D:10     | Killed Urug
  7342 | D:10     | Found a portal to a secret trove of treasure.
  7342 | D:10     | Noticed Snorg
  7354 | D:10     | Gained mutation: You are frail. (-10% HP) [potion of
                  | mutation]
  7354 | D:10     | Gained mutation: Your movements are slightly less
                  | encumbered by armour. (ER -2) [potion of mutation]
  7354 | D:10     | Gained mutation: Your flesh is cold resistant. (rC+)
                  | [potion of mutation]
  7356 | D:10     | Mangled by Snorg

Illustrated notes

Levels and vault maps discovered:
D:1:      nicolae_arrival_washed_ashore, layout_loops_cross
D:2:      layout_basic, ashenzari_altar_1, minmay_pentomino_v4
D:3:      layout_loops_cross, minmay_diced_spiral, uniq_jessica
D:4:      layout_cave_pools, serial_shops, shop_statue, kennysheep_mini,
          gammafunk_ghost_smash, first_ration, uniq_grinder
D:5:      layout_basic, minmay_temple_entry_antechambers, uniq_blork_the_orc
D:6:      layout_basic, good_gods_temple_1, nemelex_xobeh_ov_fountains_minmay,
          trog_ov_bears_minmay, basic_altar, grunt_qazlal_sundering,
          uniq_sigmund
D:7:      layout_basic
D:8:      lemuel_insect_pit, layout_loops_corners, vehumet_altar_wand_db,
          dancing_weapons_uskayaw, serial_shops,
          nicolae_shop_overgrown_old_shop, serial_glass, glass_columns_a,
          glass_columns_b, hangedman_ranch [blue_anna_fruit_fields]
D:9:      layout_cave_pools, kennysheep_mini_moat,
          gammafunk_temple_overflow_forgotten, grunt_lair_entry_orc_guard_hut
D:10:     layout_long_grid, serial_shops, shop_statue, enter_trove_0,
          hangedman_decor_opposing, uniq_nergalle, uniq_urug, uniq_snorg
Temple:   eino_wide_crystal_templ

Skill      XL: |  1  2  3  4  5  6  7  8  9 10 11 |
---------------+----------------------------------+-----
Long Blades    | 2 3 4 5 7 9 10 | 10.3
Spellcasting   | 1 2 3 4 5 6 8 |  8.0
Fighting       | 3 4 5 6 |  6.9
Dodging        | 1 2 3 4 5 6 |  6.3
Armour         | 3 4 5 6 |  6.3
Shields        | |  2.6

Action                   |  1- 3 |  4- 6 |  7- 9 | 10-12 || total
-------------------------+-------+-------+-------+-------++-------
Melee: Long sword        |    94 |   115 |    80 |     8 ||   297
       Bite              |    27 |    36 |   136 |   195 ||   394
       Dagger            |       |       |   189 |   447 ||   636
       Falchion          |       |       |    71 |    98 ||   169
Invok: Lunge             |       |       |    29 |    34 ||    63
       Whirlwind         |       |       |    19 |   188 ||   207
       Serpent's Lash    |       |       |       |     3 ||     3
 Abil: Wall Jump         |       |       |       |     3 ||     3
Evoke: Wand              |       |     3 |       |     6 ||     9
  Use: Potion            |       |       |     3 |     3 ||     6
       Scroll            |       |       |     7 |     3 ||    10
 Stab: Paralysed         |       |       |       |     4 ||     4
  Eat: Chunk             |       |     5 |    10 |     8 ||    23
Armor: Scale mail        |    69 |    71 |    41 |       ||   181
       Ring mail         |       |       |    56 |   126 ||   182
Dodge: Dodged            |    58 |    64 |   123 |   219 ||   464
       Rpst.: Long sword |    19 |    23 |     7 |     3 ||    52
       Falchion          |       |       |     6 |    16 ||    22

Table legend:
 A = Non-vault XP
 B = Vault XP
 C = Vault XP percentage of total XP
 D = Non-vault monster count
 E = Vault monster count
 F = Vault count percentage of total count
                 A         B        C        D         E       F
            +---------+---------+-------+---------+---------+-------
      Total |   10215 |    6292 |  38.1 |     257 |      42 |  14.0
            +---------+---------+-------+---------+---------+-------
        D:1 |      55 |       0 |   0.0 |      29 |       0 |   0.0
        D:2 |      66 |      48 |  42.1 |      16 |       2 |  11.1
        D:3 |     137 |      42 |  23.5 |      33 |       5 |  13.2
        D:4 |     309 |     641 |  67.5 |       8 |       4 |  33.3
        D:5 |     501 |      96 |  16.1 |      20 |       1 |   4.8
        D:6 |     613 |     474 |  43.6 |      19 |       3 |  13.6
        D:7 |    1278 |       0 |   0.0 |      24 |       0 |   0.0
        D:8 |    1527 |    2644 |  63.4 |      38 |      20 |  34.5
        D:9 |    3664 |     711 |  16.3 |      53 |       5 |   8.6
       D:10 |    2065 |    1636 |  44.2 |      17 |       2 |  10.5
            +---------+---------+-------+---------+---------+-------
